 Dungeon Crawl Stone Soup version 0.20-a0-984-ge8aa303 (webtiles) character file.

47588 Lifeless the Cleaver (level 14, -1/111 HPs)
             Began as a Demonspawn Abyssal Knight on Apr 10, 2017.
             Was the Champion of Lugonu.
             Slain by a wolf spider (5 damage)
             ... on level 1 of the Spider Nest.
             The game lasted 01:27:33 (26014 turns).

Lifeless the Cleaver (Demonspawn Abyssal Knight)   Turns: 26014, Time: 01:27:34

Health: -1/111     AC: 17    Str: 23    XL:     14   Next: 9%
Magic:  20/20      EV: 18    Int: 19    God:    Lugonu [******]
Gold:   1092       SH:  6    Dex: 16    Spells: 18/21 levels left

rFire    x . .     SeeInvis .   a - +2 hand axe
rCold    + + .     Gourm    .   (no shield)
rNeg     . . .     Faith    .   o - +1 leather armour "Vyez" {rCorr Int+6 Slay+4}
rPois    +         Spirit   .   g - +0 helmet
rElec    .         Reflect  +   L - +2 cloak
rCorr    +         Harm     .   K - +0 pair of gloves
MR       +....                  R - +2 pair of boots
Stlth    +++.......             W - amulet "Inusif" {Reflect rC+ SH+6}
Regen    0.3/turn               S - ring "Unonwael" {Ice rPois Str+2 Dex+2}
MPRegen  0.2/turn               y - +4 ring of strength

@: no status effects
A: hooves 2, icy blue scales 1, nightstalker 2, spiny 2
a: Depart the Abyss, Bend Space, Banish, Corrupt, Enter the Abyss, Brand Weapon
With Distortion, Renounce Religion


You were on level 1 of the Spider Nest.
You worshipped Lugonu.
Lugonu was exalted by your worship.
You were not hungry.

You visited 3 branches of the dungeon, and saw 18 of its levels.
You visited the Abyss 1 time.
You also visited: Sewer.

You collected 1092 gold pieces.

Inventory:

Hand Weapons
 a - a +2 hand axe (weapon)
 b - a +2 great mace of venom
Armour
 g - a +0 helmet (worn)
 o - the +1 leather armour "Vyez" (worn) {rCorr Int+6 Slay+4}
   (You found it on level 3 of the Lair of Beasts)

   It affects your intelligence (+6).
   It affects your accuracy and damage with ranged weapons and melee attacks
   (+4).
   It protects you from acid and corrosion.
 H - a +2 ring mail of fire resistance
 K - a +0 pair of gloves (worn)
 L - a +2 cloak (worn)
 R - a +2 pair of boots (worn)
Jewellery
 h - an uncursed ring of resist corrosion
 y - a +4 ring of strength (right hand)
 A - an uncursed ring of positive energy
 D - an uncursed ring of flight
 S - the ring "Unonwael" (left hand) {Ice rPois Str+2 Dex+2}
   (You found it on level 2 of the Lair of Beasts)

   [ring of ice]

   It enhances your ice magic.
   It affects your strength (+2).
   It affects your dexterity (+2).
   It makes you vulnerable to fire.
   It protects you from cold.
   It protects you from poison.
 W - the amulet "Inusif" (around neck) {Reflect rC+ SH+6}
   (You found it on level 3 of the Lair of Beasts)

   [amulet of reflection]

   It shields you and reflects attacks.
   It protects you from cold.
   It affects your SH (+6).
Wands
 i - a wand of enslavement (7/24)
 q - a wand of polymorph (9/24)
 C - a wand of digging (4/24)
 M - a wand of flame (6/48)
 P - a wand of paralysis (0/24)
Scrolls
 d - 2 scrolls of amnesia
 k - 7 scrolls of remove curse
 l - a scroll of immolation
 n - 8 scrolls of teleportation
 p - a scroll of fog
 t - 2 scrolls of fear
 B - 3 scrolls of enchant armour
 I - 4 scrolls of magic mapping
 J - 4 scrolls of enchant weapon
Potions
 m - a potion of haste
 r - a potion of ambrosia {unknown}
 s - 2 potions of resistance
 u - 5 potions of flight
 w - 2 potions of brilliance {unknown}
 z - 4 potions of lignification
 G - 2 potions of magic
 N - 3 potions of mutation {unknown}
 O - 2 potions of agility {unknown}
 X - 2 potions of cancellation {unknown}
Miscellaneous
 V - a lamp of fire (inert)
Comestibles
 c - 14 bread rations
 f - 20 royal jellies
 j - 8 meat rations
 x - 8 fruits


   Skills:
 + Level 10.4 Fighting
 * Level 13.4 Axes
 + Level 9.7 Armour
 + Level 9.4 Dodging
 + Level 4.2 Spellcasting
 + Level 5.8 Necromancy
 - Level 9.1 Invocations


You had 18 spell levels left.
You knew the following spells:

 Your Spells              Type           Power        Failure   Level  Hunger
a - Regeneration          Chrm/Necr      ###.......   17%         3    ###....


Dungeon Overview and Level Annotations

Branches:
Dungeon (11/15)            Temple (0/1) D:6            Lair (6/6) D:10
 Shoals (0/4) Lair:2       Spider (1/4) Lair:2        Slime (0/5) Lair:5
    Orc: D:9-12

Altars:
Dithmenos
Kikubaaqudgha
Trog
Wu Jian
Yredelemnul
Zin

Shops:
D:4 [

Portals:
Ice
Cave: D:11

Annotations:
D:11 Harold


Innate Abilities, Weirdness & Mutations

You have hoof-like feet.
You are partially covered in icy blue scales. (AC +2)
You are significantly more attuned to the shadows.
You are mostly covered in sharp spines.


Message History

The wolf spider hits you but does no damage.
The wolf spider barely misses you. You block the wolf spider's attack.
The wolf spider bites you but does no damage.
The wolf spider completely misses you.
The wolf spider bites you but does no damage.
There is a stone staircase leading down here.
You hit the wolf spider.
The wolf spider is almost dead.
You slash the wolf spider! The wolf spider barely misses you.
The wolf spider completely misses you.
The wolf spider is struck by your spines.
The wolf spider hits you!
* * * LOW HITPOINT WARNING * * *
The wolf spider bites you.
* * * LOW HITPOINT WARNING * * *
The wolf spider hits you!!
* * * LOW HITPOINT WARNING * * *
The wolf spider bites you.
You die...

###.......####
#..........#.##
#............)##
##.....††#.....# ###
##......###...#
#####.## ##....^##....#
#......######..###....#
............#####s....#
.............# #@s....#
.............# ###s>..#
#....#.......#####....#
##...###.aa..#..#.....#
..........####........#
......................#
......................#
......................#
......................#


You could see 3 wolf spiders.

Vanquished Creatures
  Gastronok (Lair:3)
  An entropy weaver (Spider:1)
  3 two-headed ogres
  2 death yaks (Lair:4)
  A tengu warrior (D:10)
  Urug (Lair:3)
  Nergalle (Lair:3)
  3 wolf spiders (Spider:1)
  2 orb spiders (Spider:1)
  A necromancer (Lair:5)
  A manticore (Lair:2)
  Joseph (D:7)
  A moth of wrath (Spider:1)
  A centaur zombie (D:10)
  A torpor snail (Lair:4)
  4 black mambas
  Maurice (D:8)
  Psyche (D:10)
  11 spiny frogs
  3 komodo dragons
  7 rime drakes
  2 demonic crawlers (Spider:1)
  A queen bee (Lair:2)
  2 trolls (D:10)
  10 jumping spiders
  A hornet (Spider:1)
  4 blink frogs (Lair:1)
  14 hippogriffs
  29 redbacks
  4 wyverns
  5 tarantellas (Spider:1)
  19 yaks
  8 basilisks
  A golden eye (Lair:5)
  2 hungry ghosts
  5 water moccasins
  12 porcupines
  5 orc warriors
  3 ice beasts
  3 sky beasts
  A hornet zombie (D:10)
  3 black bears
  A necrophage (D:5)
  2 phantoms
  3 wolves (Lair:1)
  4 centaurs
  5 crocodiles
  10 bullfrogs
  A wyvern skeleton (D:10)
  6 scorpions
  33 killer bees
  10 wights
  4 howler monkeys
  2 crimson imps
  7 orc priests
  4 hounds
  A gnoll shaman (D:10)
  The ghost of Hybris the Scratcher, a weakling FeTm (D:4)
  2 bullfrog zombies
  2 centaur skeletons
  4 iguanas
  4 worker ants
  17 orc wizards
  4 yak simulacra (Lair:5)
  A polar bear simulacrum (Lair:5)
  3 wolf simulacra (Lair:5)
  A hound skeleton (D:6)
  A hound zombie (D:10)
  Robin (D:3)
  A howler monkey zombie (D:7)
  A worker ant zombie (D:10)
  12 gnolls
  A howler monkey skeleton (D:7)
  14 adders
  4 shadow imps
  7 white imps
  2 adder zombies (D:7)
  An adder skeleton (D:4)
  A worm (Sewer)
  9 leopard geckos
  27 orcs
  6 giant cockroaches
  14 goblins
  11 hobgoblins
  12 jackals
  5 kobolds
  2 quokkas
  2 ball pythons (Sewer)
  18 bats
  4 frilled lizards
  2 gnoll zombies (D:8)
  A jackal zombie (D:8)
  4 rats
  3 river rat simulacra (Lair:5)
  4 fungi
  2 plants (D:10)
486 creatures vanquished.

Vanquished Creatures (collateral kills)
  Rupert (Spider:1)
  A redback (Spider:1)
2 creatures vanquished.

Vanquished Creatures (others)
  2 hydras
  The ghost of Malvoorn the Basher, a journeyman GrFi of Hepliaklqana (Lair:2)
  A wizard (D:4)
  An orc (D:11)
  21 fungi
  13 plants
39 creatures vanquished.

Grand Total: 527 creatures vanquished

Notes
Turn   | Place    | Note
-------+----------+-------------------------------------------
     0 | Abyss:1  | Lifeless the Demonspawn Abyssal Knight began the quest for the Orb.
     0 | Abyss:1  | Reached XP level 1. HP: 18/18 MP: 2/2
    57 | D:1      | Escaped the Abyss
    79 | D:1      | Reached skill level 2 in Axes
    84 | D:1      | Gained mutation: You are partially covered in sharp spines. [demonic ancestry]
    84 | D:1      | Reached XP level 2. HP: 10/24 MP: 3/3
   323 | D:1      | Reached skill level 1 in Dodging
   996 | D:2      | Reached ** piety under Lugonu
   999 | D:2      | Gained mutation: You are slightly more attuned to the shadows. [demonic ancestry]
   999 | D:2      | Reached XP level 3. HP: 20/29 MP: 4/4
  2319 | D:3      | Gained mutation: You are mostly covered in sharp spines. [demonic ancestry]
  2319 | D:3      | Reached XP level 4. HP: 35/35 MP: 5/5
  2321 | D:3      | Noticed Robin
  2334 | D:3      | Killed Robin
  2450 | D:3      | Found a glowing drain.
  2463 | Sewer    | Entered a sewer
  2539 | Sewer    | Reached skill level 3 in Axes
  2956 | D:3      | Reached XP level 5. HP: 37/41 MP: 6/6
  3344 | D:3      | Reached *** piety under Lugonu
  4109 | D:4      | Noticed Hybris's ghost (weakling FeTm)
  4116 | D:4      | Killed Hybris's ghost
  4384 | D:4      | Gained mutation: You are significantly more attuned to the shadows. [demonic ancestry]
  4384 | D:4      | Reached XP level 6. HP: 39/48 MP: 7/7
  4591 | D:4      | Found an ancient bone altar of Kikubaaqudgha.
  5027 | D:4      | Found a bloodstained altar of Trog.
  5030 | D:4      | Noticed a wizard
  5036 | D:4      | Killed a wizard
  5158 | D:4      | Found Sogyutos's Antique Armour Emporium.
  5270 | D:5      | Entered Level 5 of the Dungeon
  5270 | D:5      | Noticed an ice beast
  5283 | D:5      | Killed an ice beast
  5283 | D:5      | Reached skill level 4 in Axes
  5678 | D:5      | Gained mutation: You are partially covered in icy blue scales. (AC +2) [demonic ancestry]
  5678 | D:5      | Reached XP level 7. HP: 48/55 MP: 8/8
  5899 | D:5      | You fall through a shaft for 2 floors!
  5988 | D:6      | Reached skill level 5 in Axes
  6490 | D:6      | Reached skill level 5 in Fighting
  6507 | D:6      | Reached XP level 8. HP: 38/62 MP: 9/9
  7077 | D:6      | Reached skill level 6 in Axes
  7362 | D:6      | Reached **** piety under Lugonu
  8024 | D:6      | Found a staircase to the Ecumenical Temple.
  8215 | D:6      | Reached skill level 5 in Armour
  8429 | D:7      | Found Cenirch's Weapon Emporium.
  8584 | D:7      | Gained mutation: You have large cloven feet. [demonic ancestry]
  8584 | D:7      | Reached XP level 9. HP: 18/69 MP: 9/11
  8836 | D:7      | Reached skill level 7 in Axes
  9006 | D:7      | Noticed Joseph
  9029 | D:7      | Killed Joseph
  9145 | D:7      | Reached skill level 5 in Dodging
 10117 | D:8      | Reached skill level 5 in Invocations
 10179 | D:8      | Reached ***** piety under Lugonu
 10438 | D:8      | Noticed Maurice
 10456 | D:8      | Killed Maurice
 10456 | D:8      | Reached skill level 8 in Axes
 10570 | D:8      | Noticed a two-headed ogre
 10577 | D:8      | Killed a two-headed ogre
 10577 | D:8      | Reached XP level 10. HP: 61/77 MP: 14/14
 11007 | D:8      | Found a basalt altar of Yredelemnul.
 11505 | D:9      | Found a glowing silver altar of Zin.
 11508 | D:9      | Found a shadowy altar of Dithmenos.
 11899 | D:9      | Reached skill level 9 in Axes
 12452 | D:10     | Entered Level 10 of the Dungeon
 12452 | D:10     | Noticed Psyche
 12515 | D:10     | Paralysed by Psyche for 6 turns
 12523 | D:10     | Killed Psyche
 12759 | D:10     | Noticed a two-headed ogre
 12774 | D:10     | Killed a two-headed ogre
 12997 | D:10     | Gained mutation: You have hoof-like feet. [demonic ancestry]
 12997 | D:10     | Reached XP level 11. HP: 51/85 MP: 16/16
 13841 | D:10     | Reached skill level 10 in Axes
 13885 | D:10     | Noticed a two-headed ogre
 13896 | D:10     | Killed a two-headed ogre
 14244 | D:10     | Found a staircase to the Lair.
 14516 | D:10     | Noticed a tengu warrior
 14539 | D:10     | Killed a tengu warrior
 14713 | Lair:1   | Entered Level 1 of the Lair of Beasts
 14962 | Lair:1   | Noticed a four-headed hydra
 14971 | Lair:1   | HP: 4/87 [nine-headed hydra (8)]
 15147 | D:11     | Found a frozen archway.
 15245 | D:11     | Noticed Harold
 15278 | Lair:1   | Banished a nine-headed hydra
 15726 | Lair:1   | Reached skill level 11 in Axes
 15797 | Lair:1   | Got a smoking ring mail
 15808 | Lair:1   | Identified the cursed +0 ring mail of Lies {Int+3 Dex+4} (You found it on level 1 of the Lair of Beasts)
 16481 | Lair:2   | Got a pitted glass ring
 16483 | Lair:2   | Identified the ring "Unonwael" {Ice rPois Str+2 Dex+2} (You found it on level 2 of the Lair of Beasts)
 16493 | Lair:2   | Noticed Malvoorn's ghost (journeyman GrFi)
 16538 | Lair:2   | Reached XP level 12. HP: 25/94 MP: 18/18
 16547 | Lair:2   | Banished Malvoorn's ghost
 16989 | Lair:2   | Found a staircase to the Shoals.
 17436 | Lair:2   | Found a hole to the Spider Nest.
 17570 | Lair:2   | Found an ornate altar of the Wu Jian Council.
 18517 | Lair:2   | Reached ****** piety under Lugonu
 18735 | Lair:2   | Reached skill level 12 in Axes
 18977 | Lair:3   | Noticed Nergalle
 18982 | Lair:3   | Learned a level 3 spell: Regeneration
 19001 | Lair:3   | Killed Nergalle
 19066 | Lair:3   | Got a vibrating ruby amulet
 19068 | Lair:3   | Identified the amulet "Inusif" {Reflect rC+ SH+6} (You found it on level 3 of the Lair of Beasts)
 19221 | Lair:3   | Noticed Gastronok
 19238 | Lair:3   | You fall through a shaft!
 19263 | Lair:4   | Reached skill level 1 in Necromancy
 19423 | Lair:3   | Killed Gastronok
 19423 | Lair:3   | Reached skill level 1 in Spellcasting
 19578 | Lair:3   | Got a steaming leather armour
 19593 | Lair:3   | Identified the +1 leather armour "Vyez" {rCorr Int+6 Slay+4} (You found it on level 3 of the Lair of Beasts)
 19770 | Lair:3   | Noticed Urug
 19792 | Lair:3   | Killed Urug
 20603 | Lair:4   | Noticed a five-headed hydra
 20641 | Lair:3   | Banished a seven-headed hydra
 20942 | Lair:4   | Reached XP level 13. HP: 83/102 MP: 19/19
 21858 | Lair:4   | Reached skill level 10 in Fighting
 22360 | Lair:5   | Found a staircase to the Slime Pits.
 22644 | Lair:5   | Found a labyrinth entrance.
 23190 | Lair:6   | Entered Level 6 of the Lair of Beasts
 23361 | Spider:1 | Entered Level 1 of the Spider Nest
 23736 | Spider:1 | Reached skill level 13 in Axes
 24040 | Spider:1 | Reached skill level 5 in Necromancy
 24349 | Spider:1 | Noticed Rupert
 24356 | Spider:1 | Paralysed by Rupert for 2 turns
 24369 | Spider:1 | Paralysed by Rupert for 4 turns
 24377 | Spider:1 | Paralysed by Rupert for 4 turns
 24380 | Spider:1 | Killed Rupert
 24764 | Spider:1 | Noticed an entropy weaver
 24783 | Spider:1 | Killed an entropy weaver
 25228 | Spider:1 | Reached XP level 14. HP: 89/111 MP: 20/20
 25537 | Spider:1 | HP: 4/111 [jumping spider (7)]
 26014 | Spider:1 | HP: 4/111 [wolf spider (19)]
 26014 | Spider:1 | Slain by a wolf spider

Vault maps used:
D:1:      grunt_arrival_crossed_arrows
D:2:      minmay_randomly_rotated_circles
D:3:      portal_sewer_entry_f, minmay_misc_feat_alley, chequers_big_river,
          uniq_robin
D:4:      kennysheep_mini, serial_shops, nicolae_shop_crystal, first_bread,
          trog_wizard
D:6:      minmay_flawed_box, minmay_temple_entry_enclosed_plants
D:7:      nicolae_ossuary_entry_ruins, serial_shops, shop_fountains, uniq_joseph
D:8:      lemuel_zombie_altar_yredelemnul, uniq_maurice
D:9:      minitemple
D:10:     grunt_lair_entry_orc_guard_hut, grunt_tengu_nest,
          nrook_mini_backslash, minmay_misc_feat_diagonals, uniq_psyche
D:11:     portal_ice_cave_entry_imps, uniq_harold
Lair:2:   minmay_shoals_entry_beasts, nicolae_spider_entry_tight_spaces,
          basic_altar, special_room
Lair:3:   nicolae_volcano_entry_hallway, grunt_forest_stairs_basic,
          minivault_19, uniq_urug, uniq_nergalle, uniq_gastronok
Lair:4:   special_room, beast_lair_carwin_3
Lair:5:   slime_dummy, lab_entry_generic, eino_house_with_fridge,
          grunt_megastairs_4
Lair:6:   minmay_lair_end_frog_pond, grunt_megastairs_5, serial_bayou_shore_b,
          uniq_kirke
Spider:1: uniq_rupert, uniq_nikola
Sewer:    sewer_fruit_machine

Skill      XL: |  1  2  3  4  5  6  7  8  9 10 11 12 13 |
---------------+----------------------------------------+-----
Axes           | 2 3 4 5 6 8 9 11 12 13 | 13.4
Dodging        | 1 2 3 4 5 6 7 8 9 |  9.4
Armour         | 2 3 4 5 6 7 8 9 |  9.7
Fighting       | 4 5 6 7 8 9 10 | 10.4
Invocations    | 3 5 7 9 |  9.1
Necromancy     | 2 5 |  5.8
Spellcasting   | 1 4 |  4.2

Action                   |  1- 3 |  4- 6 |  7- 9 | 10-12 | 13-15 || total
-------------------------+-------+-------+-------+-------+-------++-------
Melee: Hand axe          |   100 |   151 |   331 |   743 |   415 ||  1740
       Dagger            |       |       |    21 |       |       ||    21
       Kick              |       |       |    50 |    62 |       ||   112
       Halberd           |       |       |       |    11 |       ||    11
Throw: Throwing net      |       |     2 |       |       |       ||     2
 Cast: Regeneration      |       |       |       |       |     2 ||     2
Invok: Bend Space        |       |       |     2 |       |       ||     2
       Banish            |       |       |       |     4 |       ||     4
Evoke: Wand              |       |       |       |     8 |       ||     8
       Sack of spiders   |       |       |       |       |     6 ||     6
       Lamp of fire      |       |       |       |       |     1 ||     1
  Use: Scroll            |     9 |     2 |     1 |     9 |     4 ||    25
       Potion            |       |       |     6 |     6 |     6 ||    18
 Stab: Sleeping          |     1 |     3 |     8 |     7 |     8 ||    27
       Distracted        |       |       |     1 |     1 |     1 ||     3
       Paralysed         |       |       |       |    13 |       ||    13
       Invisible         |       |       |       |     1 |       ||     1
       Held in net/web   |       |       |       |       |     1 ||     1
  Eat: Chunk             |     4 |    10 |    17 |    27 |    11 ||    69
       Fruit             |       |       |       |    12 |     7 ||    19
Armor: Leather armour    |     4 |       |       |    16 |   141 ||   161
       Ring mail         |    31 |    52 |   102 |   181 |       ||   366
       Troll leather arm |       |       |       |    60 |       ||    60
       Skin              |       |       |       |    41 |       ||    41
Dodge: Dodged            |    62 |    74 |   154 |   505 |   275 ||  1070
Block: Other             |       |       |       |    15 |   107 ||   122
